 Dungeon Crawl Stone Soup version 0.18-a0-750-g37044d6 (webtiles) character file.

213893 ventricule the Executioner (level 18, -6/241 HPs)
             Began as a Minotaur Berserker on Dec 11, 2015.
             Was the Champion of Trog.
             Mangled by Jory
             ... wielding a +0 great sword
              (28 damage)
             ... on level 4 of the Vaults.
             The game lasted 01:02:17 (31380 turns).

ventricule the Executioner (Minotaur Berserker)    Turns: 31380, Time: 01:02:17

Health: -6/241     AC: 23    Str: 28    XL:     18   Next: 28%
Magic:  5/5        EV: 21    Int: 11    God:    Trog [******]
Gold:   592        SH:  0    Dex: 21    Spells: 0 memorised, 17 levels left

rFire  + . .     SeeInvis .     I - +5 executioner's axe (antimagic)
rCold  + . .     Clarity  .     E - +3 plate armour {rF+}
rNeg   . . .     SustAt   .     (shield currently unavailable)
rPois  +         Gourm    .     (helmet unavailable)
rElec  .         Spirit   .     n - +2 cloak {MR+}
rCorr  .         Dismiss  .     T - +2 pair of fencer's gloves {LBl+4 SBl+4 EV+3 Dex+6}
rMut   .         Stasis   .     m - +2 pair of boots
MR     ++...                    M - amulet of Zammyluph {Faith +Inv +Fly rPois Int+5}
Stlth  ..........               e - +3 ring of slaying
                                U - ring of protection from cold

@: berserking, corroded equipment, very quick, very resistant to hostile
enchantments, extremely unstealthy
A: retaliatory headbutt, horns 3
a: Berserk, Trog's Hand, Brothers in Arms, Burn Spellbooks, Renounce Religion,
Evoke Invisibility, Evoke Flight
}: 1/15 runes: serpentine


You were on level 4 of the Vaults.
You worshipped Trog.
Trog was exalted by your worship.
You were not hungry.

You visited 5 branches of the dungeon, and saw 33 of its levels.
You also visited: Labyrinth, Trove, Sewer, Bailey, Ice Cave and Volcano.

You collected 4446 gold pieces.
You spent 3854 gold pieces at shops.


Innate Abilities, Weirdness & Mutations

You reflexively headbutt those who attack you in melee.
You have a pair of large horns on your head.


   Skills:
 + Level 14.7 Fighting
 - Level 26.5 Axes
 + Level 16.3 Armour
 + Level 13.5 Dodging


You had 17 spell levels left.
You didn't know any spells.

Inventory:

Hand Weapons
 w - a +0 executioner's axe of freezing
 I - a +5 antimagic executioner's axe (weapon)
 Z - a +1 executioner's axe of chopping
Armour
 m - a +2 pair of boots (worn)
 n - a +2 cloak of magic resistance (worn)
 E - a +3 plate armour of fire resistance (worn)
 T - the +2 pair of fencer's gloves (worn) {LBl+4 SBl+4 EV+3 Dex+6}

   It affects your evasion (+3).
   It affects your dexterity (+6).
Jewellery
 e - a +3 ring of slaying (right hand)
 l - an uncursed ring of fire
 z - an uncursed amulet of resist corrosion
 A - an uncursed ring of sustain attributes
 H - an uncursed ring of teleportation
 M - the amulet of Zammyluph (around neck) {Faith +Inv +Fly rPois Int+5}

   [amulet of faith]

   It allows you to gain divine favour quickly.
   It affects your intelligence (+5).
   It protects you from poison.
   It lets you turn invisible.
   It lets you fly.
 S - an uncursed ring of see invisible
 U - a ring of protection from cold (left hand)
Wands
 v - a wand of fire (4)
 B - a wand of disintegration (8)
 R - a wand of teleportation (2) {!d@v4}
 V - a wand of cold (8)
 X - a wand of fire (4)
Scrolls
 a - 6 scrolls of recharging
 d - 10 scrolls of remove curse
 f - 7 scrolls of teleportation {@r4}
 r - 2 scrolls of blinking
 s - a scroll of magic mapping
 t - a scroll of silence {!r}
 y - 2 scrolls of vulnerability {!r}
 D - 7 scrolls of identify {@r1}
 J - a scroll of fog
 L - a scroll of fear
 N - 2 scrolls of immolation {!r}
 O - a scroll of enchant armour
 Q - a scroll of enchant weapon
Potions
 b - a potion of cancellation
 h - 2 potions of might
 i - 4 potions of magic
 j - 2 potions of agility
 k - 3 potions of ambrosia {!q}
 o - a potion of resistance
 p - 14 potions of curing {@q1}
 q - 6 potions of flight
 u - 4 potions of haste {@q3}
 x - 2 potions of lignification {!q}
 C - 3 potions of mutation {!q}
 F - 4 potions of invisibility
 G - 4 potions of brilliance
 K - 2 potions of cure mutation
 P - 3 potions of berserk rage {!q}
 Y - 3 potions of heal wounds {@q2}
Comestibles
 c - 11 bread rations
 g - 6 meat rations

Dungeon Overview and Level Annotations

Branches:
Dungeon (13/15)            Temple (0/1) D:7            Lair (8/8) D:11
 Shoals (0/4) Lair:5        Snake (4/4) Lair:4        Slime (0/6) Lair:7
    Orc (4/4) D:11            Elf (0/3) Orc:4        Vaults (4/5) D:13
  Crypt: Vaults:2-3

Altars:
Gozag
Kikubaaqudgha
Pakellas
Sif Muna
Trog
Vehumet
Yredelemnul

Shops:
D:11 *   Orc:4 ![[[}   Vaults:3 *}[(:   Vaults:4 **

Annotations:
Lair:7 exclusion: oklob plant
Vaults:4 Jory

▒▒▒▒▒▒▒▒▒▒▒▒▒▒▒▒▒▒▒▒▒▒▒▒
........................
........................
▒▒'▒▒▒▒▒▒...............
▒.......▒▒▒▒▒▒▒▒H▒▒▒▒▒▒.
▒.......▒......JV▒
▒.......+.........
▒.......▒▒▒▒▒▒.....
▒.......▒ .......
▒.......▒ .▒...▒▒▒▒
▒.......▒ .......
▒▒▒▒▒▒▒▒▒ ▒▒▒▒....
........▒▒▒▒▒▒▒▒▒▒▒+▒


You could see Jory and an acid blob shaped shifter.


Message History

* * * LOW HITPOINT WARNING * * *
The acid blob is moderately wounded.
The acid blob spits acid at you. The splash of acid hits you!
The acid corrodes you!
The acid burns!
* * * LOW HITPOINT WARNING * * *
A red film seems to cover your vision as you go berserk!
You feel yourself moving faster!
You feel mighty!
You feel somewhat more hungry. The acid blob hits you!!
* * * LOW HITPOINT WARNING * * *
You are splashed with acid!
The acid corrodes you!
The acid burns!
* * * LOW HITPOINT WARNING * * *
Jory closely misses you. You furiously retaliate!
You headbutt Jory. Jory bites you but does no damage.
You slash Jory!
Jory's magic leaks into the air.
Your headbutt misses Jory.
Jory is severely damaged.
You slice the acid blob!!
Your hands burn!
* * * LOW HITPOINT WARNING * * *
The acid blob is heavily wounded.
The acid blob spits acid at you. The splash of acid hits you!
* * * LOW HITPOINT WARNING * * *
The acid burns!
* * * LOW HITPOINT WARNING * * *
You closely miss Jory. Your headbutt misses Jory.
Jory is severely damaged.
You slice the acid blob!!
Your hands burn!
* * * LOW HITPOINT WARNING * * *
The acid blob is severely wounded.
Jory hits you with a great sword!!
You die...

Action                   |  1- 3 |  4- 6 |  7- 9 | 10-12 | 13-15 | 16-18 || total
-------------------------+-------+-------+-------+-------+-------+-------++-------
Melee: Hand axe          |    30 |    78 |   206 |       |       |       ||   314
       War axe           |       |       |   113 |   164 |       |       ||   277
       Broad axe         |       |       |       |   297 |   241 |       ||   538
       Executioner's axe |       |       |       |       |   617 |   864 ||  1481
Invok: Berserk           |     1 |     2 |     7 |    11 |    10 |     7 ||    38
       Trog's Hand       |       |       |     1 |     1 |     6 |     5 ||    13
       Brothers in Arms  |       |       |       |     2 |     6 |     2 ||    10
Evoke: Wand              |       |       |       |     1 |       |     5 ||     6
  Use: Scroll            |       |     7 |     6 |    14 |    13 |     5 ||    45
       Potion            |       |       |     1 |     6 |     3 |     3 ||    13
 Stab: Distracted        |       |       |       |       |     1 |       ||     1
  Eat: Chunk             |       |     6 |    15 |    23 |    22 |    24 ||    90
       Royal jelly       |       |       |       |     1 |     1 |       ||     2
       Meat ration       |       |       |       |     3 |     5 |     2 ||    10
       Beef jerky        |       |       |       |       |     1 |     1 ||     2
       Pizza             |       |       |       |       |       |     1 ||     1

Vault maps used:
D:1:      dpeg_arrival_tiny_e
D:2:      ecumenical_altar_2
D:3:      old_standard_altar, grunt_qazlal_clouds, first_bread
D:4:      lightli_sewer_entry_pipes
D:5:      grunt_pakellas_basics, nicolae_gozag_seed_capital,
          nrook_loot_triangle, uniq_menkaure
D:6:      wad_guarded_room, minmay_stone_trees_small, lexackson_kobold_supper,
          uniq_crazy_yiuf_cottage, uniq_pikel
D:7:      overflow_temple_1_default, led_sif_book,
          minmay_temple_entry_large_hall, uniq_duvessa
D:8:      enter_bailey_2, special_room, uniq_joseph, uniq_erolcha
D:9:      nicolae_overflow_crystal_walls, hangedman_fish_farm, uniq_erica
D:11:     lair_0_dummy, zombieorc1_lemuel, serial_shops,
          nicolae_shop_behind_doors, uniq_maud, uniq_urug
D:12:     nicolae_trove_entry_free_sample, special_room
D:13:     grunt_vaults_entry_tiered, portal_ice_cave_entry_ice_beasts
Lair:1:   uniq_sonja
Lair:2:   uniq_nergalle, uniq_harold
Lair:4:   guppyfry_snake_entry_island, bh_autumn_forest_stairs,
          lemuel_fruit_tree
Lair:5:   minmay_shoals_entry_hut, uniq_snorg
Lair:6:   lab_entry_generic
Lair:7:   nicolae_slime_entry_slimehenge
Lair:8:   minmay_lair_end_frog_pond, uniq_rupert
Snake:2:  uniq_frances
Snake:4:  minmay_snake_end_coiled
Orc:1:    lightli_church_of_beogh
Orc:2:    bloody_trog
Orc:3:    nicolae_orc_pool_cavern
Orc:4:    st_orc_elflike, serial_shops, shop, enter_volcano_3
Vaults:1: nicolae_vaults_sealed_display, hangedman_vaults_maws,
          grunt_vaults_focal, nicolae_vaults_alarming, vaults_mumra_hex,
          v_pattern_2, nicolae_vaults_little_squares_4,
          nicolae_vaults_gold_heap, nicolae_vaults_border_crossing,
          vaults_room_stairs_pillars, vaults_dpeg_diagonal
Vaults:2: minmay_crypt_entry_necro_gods, v_rooms_3, nicolae_vaults_meeting,
          vaults_room_grid, nicolae_vaults_big_ls, v_alt_pattern_6,
          dpeg_vaults_monster_row, v_misc_3, hangedman_vaults_locks,
          grunt_vaults_hallway_short, vaults_dpeg_spiral,
          ontoclasm_vaults_tryst, v_misc_14, vaults_dpeg_encased_lava,
          nicolae_vaults_little_squares_6
Vaults:3: hangedman_vaults_nails, v_pattern_5, hangedman_vaults_nails,
          nicolae_vaults_little_squares_3, hangedman_vaults_trim,
          ontoclasm_vaults_twist, st_quartered_hall, ontoclasm_vaults_spin,
          dpeg_vaults_monster_box, vaults_room_stairs_pillars,
          grunt_vaults_diagonal, nicolae_vaults_rhombus_6,
          grunt_vaults_hallway_short, serial_shops, shop,
          nicolae_shop_waterfront, shop, shop_coins, shop, uniq_mennas
Vaults:4: nicolae_vaults_stairing_the_circle, nicolae_vaults_yaktaur_gun_rack,
          v_misc_33, ontoclasm_vaults_ligature, grunt_vaults_hallway_long,
          hangedman_vaults_maws, nicolae_vaults_rhombus_5, vaults_dpeg_ring,
          serial_shops, shop, nicolae_shop_overgrown_old_shop,
          nicolae_shop_crystal, uniq_aizul, uniq_jory
Lab:      nicolae_lab_dead_adventurers, nicolae_lab_starburst,
          labyrinth_skeletal_remains
Trove:    trove_simple
Sewer:    kennysheep_pipe_town
Bailey:   bailey_polearm_gnolls_kennysheep, bailey
IceCv:    ice_cave_statue_garden_02
Volcano:  volcano_lake

Notes
Turn   | Place    | Note
--------------------------------------------------------------
     0 | D:1      | ventricule the Minotaur Berserker began the quest for the Orb.
     0 | D:1      | Reached XP level 1. HP: 19/19 MP: 0/0
   173 | D:1      | Reached skill level 4 in Axes
   554 | D:2      | Reached XP level 2. HP: 26/26 MP: 1/1
   659 | D:2      | Found a faded altar to an unknown god.
   693 | D:3      | Reached skill level 5 in Axes
   693 | D:3      | Reached XP level 3. HP: 23/31 MP: 2/2
   826 | D:4      | Noticed a scorpion
   826 | D:4      | Noticed a scorpion
   830 | D:4      | Killed a scorpion
   830 | D:4      | Reached skill level 6 in Axes
   830 | D:4      | Reached XP level 4. HP: 39/39 MP: 3/3
   830 | D:4      | Reached ** piety under Trog
   836 | D:4      | Reached skill level 7 in Axes
   836 | D:4      | Reached XP level 5. HP: 45/45 MP: 4/4
  1047 | D:4      | Reached skill level 8 in Axes
  1053 | D:4      | Reached XP level 6. HP: 47/51 MP: 5/5
  1179 | D:4      | Found a glowing drain.
  1321 | Sewer    | Entered a sewer
  1782 | Sewer    | Reached *** piety under Trog
  1912 | D:5      | Entered Level 5 of the Dungeon
  1913 | D:5      | Found an opulent altar of Gozag.
  2017 | D:5      | Reached skill level 9 in Axes
  2075 | D:5      | Noticed Menkaure
  2081 | D:5      | Reached skill level 3 in Armour
  2088 | D:5      | Killed Menkaure
  2088 | D:5      | Reached XP level 7. HP: 50/57 MP: 6/6
  2139 | D:5      | Reached skill level 4 in Armour
  2251 | D:5      | Found an oddly glowing altar of Pakellas.
  2512 | D:6      | Reached skill level 10 in Axes
  2512 | D:6      | Reached skill level 5 in Armour
  2667 | D:6      | Reached XP level 8. HP: 50/64 MP: 7/7
  2772 | D:6      | Noticed Pikel
  2782 | D:6      | Killed Pikel
  2782 | D:6      | Reached skill level 11 in Axes
  2782 | D:6      | Reached skill level 7 in Armour
  2952 | D:6      | Reached **** piety under Trog
  3210 | D:7      | Found a deep blue altar of Sif Muna.
  3238 | D:7      | Found a staircase to the Ecumenical Temple.
  3239 | D:7      | Noticed Duvessa
  3240 | D:7      | Noticed Dowan
  3243 | D:7      | Reached skill level 8 in Armour
  3250 | D:7      | Killed Dowan
  3251 | D:7      | Killed Duvessa
  3251 | D:7      | Reached XP level 9. HP: 70/70 MP: 8/8
  3340 | D:7      | Gained mutation: You have a pair of large horns on your head. [potion of beneficial mutation]
  3389 | D:7      | Reached skill level 12 in Axes
  3397 | D:7      | Reached skill level 9 in Armour
  3541 | D:7      | You fall through a shaft!
  3749 | D:8      | Found a flagged portal.
  3763 | Bailey   | Entered a bailey
  3885 | Bailey   | Reached ***** piety under Trog
  3958 | Bailey   | Reached skill level 10 in Armour
  4132 | Bailey   | Reached skill level 13 in Axes
  4144 | Bailey   | Got a translucent ring mail
  4155 | Bailey   | Identified the +3 ring mail of Elyvilon's Hope {rC+ Int+6} (You found it in a bailey)
  4341 | D:8      | Noticed Joseph
  4360 | D:8      | Killed Joseph
  4360 | D:8      | Reached XP level 10. HP: 77/77 MP: 9/9
  4448 | D:8      | Reached skill level 11 in Armour
  4693 | D:9      | Found a radiant altar of Vehumet.
  5000 | D:9      | Noticed Erica
  5016 | D:9      | Killed Erica
  5021 | D:9      | Reached skill level 14 in Axes
  5051 | D:9      | HP: 2/77 [orc priest/divine providence (12)]
  5056 | D:9      | Reached skill level 12 in Armour
  5416 | D:10     | Entered Level 10 of the Dungeon
  5440 | D:10     | Received a gift from Trog
  5879 | D:10     | Received a gift from Trog
  6026 | D:10     | Reached skill level 15 in Axes
  6030 | D:10     | Reached XP level 11. HP: 66/82 MP: 10/10
  6033 | D:10     | Reached skill level 13 in Armour
  6366 | D:11     | Noticed Maud
  6374 | D:11     | Killed Maud
  6415 | D:11     | Found a staircase to the Lair.
  6435 | Lair:1   | Entered Level 1 of the Lair of Beasts
  6805 | Lair:1   | Noticed Sonja
  7163 | Lair:1   | Reached skill level 16 in Axes
  7163 | Lair:1   | Reached skill level 14 in Armour
  7516 | Lair:1   | Killed Sonja
  7516 | Lair:1   | Reached skill level 4 in Fighting
  7742 | Lair:2   | Reached skill level 3 in Dodging
  7993 | Lair:2   | Reached skill level 5 in Fighting
  7994 | Lair:2   | Noticed Harold
  8005 | Lair:2   | Killed Harold
  8005 | Lair:2   | Reached skill level 4 in Dodging
  8412 | Lair:2   | Noticed Nergalle
  8428 | Lair:2   | Killed Nergalle
  8428 | Lair:2   | Reached skill level 6 in Fighting
  8428 | Lair:2   | Reached XP level 12. HP: 96/96 MP: 11/11
  8573 | Lair:3   | Reached ****** piety under Trog
  8573 | Lair:3   | Reached skill level 5 in Dodging
  8666 | Lair:3   | Noticed a catoblepas
  8677 | Lair:3   | Killed a catoblepas
  8855 | Lair:3   | Reached skill level 7 in Fighting
  9147 | Lair:3   | Noticed a six-headed hydra
  9161 | Lair:3   | Killed a six-headed hydra
  9161 | Lair:3   | Reached skill level 6 in Dodging
  9851 | Lair:4   | Noticed an eight-headed hydra
  9855 | Lair:4   | Killed a seven-headed hydra
  9858 | Lair:4   | Reached skill level 17 in Axes
  9887 | Lair:4   | Found a staircase to the Snake Pit.
  9975 | Lair:5   | Noticed a catoblepas
  9991 | Lair:5   | Killed a catoblepas
  9991 | Lair:5   | Received a gift from Trog
  9991 | Lair:5   | Reached skill level 8 in Fighting
 10294 | Lair:5   | Reached skill level 7 in Dodging
 11247 | Lair:5   | Found a staircase to the Shoals.
 11551 | Lair:5   | Noticed Snorg
 11561 | Lair:5   | Killed Snorg
 11561 | Lair:5   | Reached skill level 9 in Fighting
 11678 | Lair:6   | Found a labyrinth entrance.
 11687 | Lab      | Entered a labyrinth
 11783 | Lab      | Noticed a minotaur
 11789 | Lab      | Killed a minotaur
 11789 | Lab      | Reached skill level 8 in Dodging
 12138 | Lair:6   | Reached XP level 13. HP: 100/111 MP: 12/12
 12143 | Lair:6   | Got a crude lead ring
 12144 | Lair:6   | Identified the ring of Rem Jadd {Fire Int-5 Dex+4 Stlth+} (You found it on level 6 of the Lair of Beasts)
 12350 | Lair:6   | Reached skill level 10 in Fighting
 12609 | Lair:7   | Found a staircase to the Slime Pits.
 12610 | Lair:7   | Reached skill level 9 in Dodging
 12663 | Lair:7   | Reached skill level 18 in Axes
 12688 | Lair:7   | Identified a scroll of acquirement
 12950 | Lair:7   | Received a gift from Trog
 13030 | Lair:8   | Entered Level 8 of the Lair of Beasts
 13030 | Lair:8   | Noticed 4thArraOfDagon's ghost (adept HOBe)
 13046 | Lair:8   | Killed 4thArraOfDagon's ghost
 13046 | Lair:8   | Reached skill level 11 in Fighting
 13046 | Lair:8   | Reached skill level 10 in Dodging
 14214 | Lair:8   | Reached skill level 12 in Fighting
 14214 | Lair:8   | Reached XP level 14. HP: 101/126 MP: 13/13
 14468 | Lair:8   | Noticed Rupert
 14477 | Lair:8   | Killed Rupert
 14477 | Lair:8   | Reached skill level 11 in Dodging
 14682 | Lair:8   | Received a gift from Trog
 14916 | Lair:8   | Reached skill level 19 in Axes
 15347 | D:11     | Found a staircase to the Orcish Mines.
 15433 | Orc:1    | Entered Level 1 of the Orcish Mines
 15859 | Orc:2    | Received a gift from Trog
 15929 | Orc:2    | Found a bloodstained altar of Trog.
 16624 | Orc:4    | Entered Level 4 of the Orcish Mines
 16663 | Orc:4    | Found Caut's Gadget Emporium.
 16740 | Orc:4    | Found a dark tunnel.
 16751 | Volcano  | Entered a volcano
 17094 | Volcano  | Found a radiant altar of Vehumet.
 17105 | Volcano  | Received a gift from Trog
 17249 | Volcano  | Identified a +0 fire dragon armour (You found it in a volcano)
 17417 | Orc:4    | Found a staircase to the Elven Halls.
 17486 | Orc:4    | Found Ciojefic's Antique Armour Shoppe.
 17501 | Orc:4    | Reached skill level 20 in Axes
 18093 | Orc:4    | Found Qanofri's Antique Armour Shop.
 18097 | Orc:4    | Bought a runed plate armour for 897 gold pieces
 18097 | Orc:4    | Bought a pair of embroidered boots for 175 gold pieces
 18113 | Orc:4    | Found Xaryinit's Armour Shop.
 18115 | Orc:4    | Found Humowk's Distillery.
 18121 | Orc:4    | Bought a +0 cloak of magic resistance for 149 gold pieces
 18121 | Orc:4    | Bought a +1 plate armour of poison resistance for 416 gold pieces
 18146 | Orc:4    | Bought a potion of heal wounds for 90 gold pieces
 18146 | Orc:4    | Bought a potion of berserk rage for 90 gold pieces
 18146 | Orc:4    | Bought a potion of heal wounds for 90 gold pieces
 18146 | Orc:4    | Bought a potion of cancellation for 144 gold pieces
 18146 | Orc:4    | Bought a potion of haste for 180 gold pieces
 18501 | Snake:1  | Entered Level 1 of the Snake Pit
 18915 | Snake:1  | Received a gift from Trog
 19038 | Snake:1  | Reached skill level 21 in Axes
 19584 | Snake:1  | Reached XP level 15. HP: 126/133 MP: 14/14
 20426 | Snake:2  | Noticed Frances
 20432 | Snake:2  | Noticed a greater naga
 20435 | Snake:2  | Killed Frances
 20435 | Snake:2  | Received a gift from Trog
 20440 | Snake:2  | Killed a greater naga
 20819 | Snake:2  | Reached skill level 22 in Axes
 22090 | Snake:4  | Entered Level 4 of the Snake Pit
 22385 | Snake:3  | Reached skill level 23 in Axes
 22891 | Snake:4  | Noticed a greater naga
 22891 | Snake:4  | Noticed a greater naga
 22905 | Snake:4  | Killed a greater naga
 22906 | Snake:4  | Killed a greater naga
 23198 | Snake:4  | Noticed a greater naga
 23215 | Snake:4  | Killed a greater naga
 23436 | Snake:4  | HP: 13/133 [shock serpent (12)]
 23455 | Snake:4  | Received a gift from Trog
 23455 | Snake:4  | Reached skill level 24 in Axes
 23455 | Snake:4  | Reached XP level 16. HP: 27/139 MP: 15/15
 23775 | Snake:4  | Got a serpentine rune of Zot
 24634 | D:11     | Found Plog's Assorted Antiques.
 24637 | D:11     | Bought a scroll of enchant armour for 180 gold pieces
 24637 | D:11     | Bought a scroll of identify for 48 gold pieces
 24637 | D:11     | Bought a scroll of identify for 48 gold pieces
 24678 | D:11     | Noticed Urug
 24691 | D:11     | Killed Urug
 25076 | D:12     | Found a portal to a secret trove of treasure.
 25109 | Trove    | Entered a treasure trove
 25120 | Trove    | Got a scintillating copper amulet
 25122 | Trove    | Identified the amulet of Zammyluph {Faith +Inv +Fly rPois Int+5} (You found it in a treasure trove)
 25349 | D:12     | Reached * piety under Trog
 25486 | D:12     | Reached skill level 25 in Axes
 25869 | D:13     | Found a frozen archway.
 25883 | IceCv    | Entered an ice cave
 26360 | D:13     | Noticed chonchonts's ghost (journeyman MiFi)
 26385 | D:13     | Killed chonchonts's ghost
 26677 | D:13     | Found a gate to the Vaults.
 27142 | Vaults:1 | Entered Level 1 of the Vaults
 27444 | Vaults:1 | Reached skill level 26 in Axes
 27723 | Vaults:1 | Reached XP level 17. HP: 111/146 MP: 5/16
 28250 | Vaults:2 | Received a gift from Trog
 28789 | Vaults:2 | Reached skill level 13 in Fighting
 29157 | Vaults:2 | Received a gift from Trog
 29301 | Vaults:2 | Found a staircase to the Crypt.
 29301 | Vaults:2 | Found a basalt altar of Yredelemnul.
 29302 | Vaults:2 | Found an ancient bone altar of Kikubaaqudgha.
 29328 | Vaults:2 | Reached skill level 15 in Armour
 29328 | Vaults:2 | Reached skill level 12 in Dodging
 30119 | Vaults:3 | Received a gift from Trog
 30217 | Vaults:3 | Reached skill level 14 in Fighting
 30294 | Vaults:3 | Found Lakhunis's Book Emporium.
 30294 | Vaults:3 | Found Meitho's Antique Weapon Shoppe.
 30348 | Vaults:3 | Noticed Mennas
 30349 | Vaults:3 | Found Gilecisch's Armour Emporium.
 30376 | Vaults:3 | Killed Mennas
 30376 | Vaults:3 | Reached skill level 13 in Dodging
 30376 | Vaults:3 | Reached XP level 18. HP: 126/160 MP: 5/17
 30576 | Vaults:3 | Bought a +3 plate armour of fire resistance for 675 gold pieces
 30654 | Vaults:3 | Reached skill level 16 in Armour
 30921 | Vaults:3 | Found Ziell's General Store.
 30924 | Vaults:3 | Bought a scroll of identify for 36 gold pieces
 31111 | Vaults:3 | Found Mistrof's Gadget Shoppe.
 31214 | Vaults:4 | Found Ret Vuav's Assorted Antiques.
 31222 | Vaults:4 | Bought a potion of invisibility for 296 gold pieces
 31228 | Vaults:4 | Bought a potion of heal wounds for 185 gold pieces
 31262 | Vaults:4 | Found Utroeruu's Assorted Antiques.
 31268 | Vaults:4 | Bought a garnet ring for 155 gold pieces
 31348 | Vaults:4 | Noticed Jory
 31379 | Vaults:4 | HP: 24/241 [acid (14)]
 31380 | Vaults:4 | Mangled by Jory

Vanquished Creatures
  Mennas (Vaults:3)
  Rupert (Lair:8)
  The ghost of 4thArraOfDagon the Executioner, an adept HOBe of Trog (Lair:8)
  Frances (Snake:2)
  A frost giant (Vaults:4)
  4 greater nagas
  Maud (D:11)
  A fire giant (Vaults:3)
  12 ironheart preservers
  7 vault wardens
  A stone giant (Vaults:2)
  A salamander stormcaller (Vaults:2)
  The ghost of chonchonts the Severer, a journeyman MiFi of Cheibriados (D:13)
  A mottled draconian (Volcano)
  A deep elf annihilator (Vaults:2)
  Snorg (Lair:5)
  2 deep elf death magi (Vaults:2)
  A fire dragon (Vaults:2)
  9 vault guards
  A minotaur (Lab)
  5 yaktaur captains
  Harold (Lair:2)
  A great orb of eyes (Vaults:2)
  9 naga warriors
  2 centaur warriors
  5 anacondas
  5 death yaks (Lair:6)
  4 ogre magi
  2 catoblepae
  3 orc high priests (Orc:4)
  7 naga sharpshooters
  A shock serpent (shapeshifter) (Vaults:2)
  Nergalle (Lair:2)
  Urug (D:11)
  A deep elf knight (Vaults:3)
  15 shock serpents
  A small abomination (Vaults:2)
  Sonja (Lair:1)
  2 fire crabs
  2 shadow wraiths
  An unseen horror (D:13)
  A salamander mystic (Snake:3)
  3 naga ritualists
  An anubis guard (shapeshifter) (Vaults:1)
  A flayed ghost (Vaults:2)
  A hill giant (D:13)
  A giant orange brain (Vaults:4)
  8 ironbrand convokers
  10 orc knights
  A harpy (shapeshifter) (Vaults:3)
  2 wizards (D:13)
  Pikel (D:6)
  A deep troll (Vaults:1)
  3 wolf spiders
  7 mana vipers
  3 deep elf conjurers
  2 necromancers (D:13)
  8 salamanders
  4 griffons
  8 ugly things
  4 orc sorcerers (Orc:4)
  9 naga magi
  Joseph (D:8)
  3 guardian serpents
  8 vault sentinels
  27 spiny frogs
  3 ice statues (IceCv)
  2 molten gargoyles (Volcano)
  3 cyclopes (Vaults:2)
  33 black mambas
  A torpor snail (Lair:7)
  A gargoyle (D:12)
  A kobold demonologist (Vaults:2)
  A centaur skeleton (D:13)
  16 yaktaurs
  A fire drake (Orc:4)
  6 komodo dragons
  3 jumping spiders (shapeshifter)
  2 polar bears
  4 deep elf priests
  A merfolk (D:9)
  5 trolls
  3 giant leeches (Lair:8)
  19 blink frogs
  2 boulder beetles
  A freezing wraith (Vaults:2)
  A snapping turtle (Lair:5)
  5 slime creatures
  7 two-headed ogres
  A trapdoor spider (D:12)
  A trapdoor spider (shapeshifter) (D:10)
  13 redbacks
  4 deep elf magi
  18 humans (D:13)
  26 yaks
  3 hungry ghosts
  A basilisk (Lair:1)
  2 shadows (D:13)
  13 hippogriffs
  12 vampire mosquitoes
  Menkaure (D:5)
  7 deep elf fighters
  A yaktaur simulacrum (Vaults:3)
  A warg (Vaults:1)
  5 mottled dragons
  42 nagas
  6 wolves (Lair:1)
  Duvessa (D:7)
  3 slaves (D:6)
  2 phantoms
  16 water moccasins
  17 ice beasts
  6 porcupines
  A necrophage (D:9)
  22 ogres
  32 orc warriors
  2 sky beasts
  6 boggarts
  32 giant frogs
  10 centaurs
  12 crocodiles
  A glowing shapeshifter simulacrum (Vaults:3)
  3 big kobolds
  8 gnoll sergeants (Bailey)
  Dowan (D:7)
  9 scorpions
  2 troll zombies (D:11)
  5 electric eels
  11 killer bees
  5 wights (D:11)
  4 lava snakes (Volcano)
  A centaur zombie (D:9)
  5 jellies
  A human simulacrum (Vaults:1)
  5 crimson imps
  8 hounds
  A quasit (D:13)
  6 gnoll shamans (Bailey)
  4 giant frog skeletons
  8 iguanas
  25 orc priests
  34 orc wizards
  7 worker ants
  4 ogre zombies (D:11)
  24 sheep
  A hound zombie (D:10)
  A hound skeleton (D:7)
  A worker ant zombie (D:11)
  17 gnolls
  45 river rats
  6 shadow imps
  12 adders
  3 oozes
  An adder zombie (D:6)
  2 worms
  An adder skeleton (D:7)
  3 giant geckos
  169 orcs
  7 ball pythons
  3 bats
  3 hobgoblins
  21 kobolds
  5 quokkas
  5 giant cockroaches
  A giant gecko skeleton (D:4)
  2 giant newts
  5 goblins
  3 goblin skeletons (D:11)
  4 goblin zombies (D:11)
  A hobgoblin skeleton (D:11)
  3 hobgoblin zombies (D:11)
  2 jackals (D:11)
  A jackal skeleton (D:6)
  4 orc skeletons (D:11)
  4 orc zombies (D:11)
  2 quokka skeletons (D:7)
  2 rats
  A bush (Lair:8)
  7 fungi
  13 plants
1220 creatures vanquished.

Vanquished Creatures (collateral kills)
  A greater naga (Snake:4)
  4 naga warriors (Snake:4)
  4 hydras
  A naga sharpshooter (Snake:4)
  An ugly thing (Vaults:1)
  A vault sentinel (Vaults:1)
  A komodo dragon (Lair:4)
  A two-headed ogre (Vaults:1)
  3 blink frogs (Lair:4)
  A naga (Snake:4)
  A water moccasin (Lair:8)
  An orc warrior (Orc:4)
  An orc wizard (Orc:4)
  4 river rats
25 creatures vanquished.

Vanquished Creatures (others)
  Erica (D:9)
  A naga sharpshooter (Snake:1)
  14 fungi
  11 plants
27 creatures vanquished.

Grand Total: 1272 creatures vanquished
